 Dungeon Crawl Stone Soup version 0.27.1-34-g3ba077fa99 (webtiles) character file.

Game seed: 1174042879166003549

49 vvl the Ruffian (level 3, -1/29 HPs)
             Began as a Draconian Transmuter on Jan 19, 2022.
             Slain by Terence (3 damage)
             ... on level 1 of the Dungeon.
             The game lasted 00:03:17 (1086 turns).

vvl the Ruffian (Draconian Transmuter)              Turns: 1086, Time: 00:03:17

Health: -1/29      AC:  5    Str: 13    XL:     3   Next: 53%
Magic:  5/6        EV: 12    Int: 13    God:
Gold:   65         SH:  0    Dex: 11    Spells: 5/6 levels left

rFire    . . .     SeeInvis .     - Unarmed
rCold    . . .     Faith    .   (no shield)
rNeg     . . .     Spirit   .   (armour unavailable)
rPois    .         Reflect  .   (helmet currently unavailable)
rElec    .         Harm     .   (no cloak)
rCorr    .         Rampage  .   (no gloves)
Will     .....                  (boots currently unavailable)
Stlth    +.........             (no amulet)
HPRegen  0.09/turn              (no ring)
MPRegen  0.10/turn              (no ring)

@: appendages
A: horns 2, talons 2, AC +5, unfitting armour, cold-blooded
a: End Transformation


You were on level 1 of the Dungeon.
You had temporarily grown beastly horns and talons.
You visited 1 branch of the dungeon, and saw 2 of its levels.

You collected 65 gold pieces.

Inventory:

Magical Staves
 e - a staff of earth
Scrolls
 a - a scroll of fog {unknown}
 c - a scroll of acquirement {unknown}
 f - a scroll of amnesia {unknown}
Potions
 d - a potion of flight {unknown}
 g - a potion of haste {unknown}
 h - a potion of lignification {unknown}


   Skills:
 + Level 1.6 Fighting
 + Level 2.0 Dodging
 + Level 3.5 Unarmed Combat
 + Level 2.3 Spellcasting
 * Level 2.6 Transmutations


You had 5 spell levels left.
You knew the following spells:

 Your Spells              Type           Power      Damage    Failure   Level
a - Beastly Appendage     Tmut           16%        N/A       9%          1

Your spell library contained the following spells:

 Spells                   Type           Power      Damage    Failure   Level
 Wereblood                Tmut           8%         N/A       13%         2
 Spider Form              Tmut/Pois      2%         N/A       41%         3
 Ice Form                 Ice/Tmut       4%         N/A       82%         4
 Blade Hands              Tmut           4%         N/A       93%         5
 Iron Shot                Conj/Erth      0%         9d1       100%        6
 Animate Armour           Summ/Erth      Unusable   N/A       N/A         4

Dungeon Overview and Level Annotations

Branches:
Dungeon (2/15)

Altars:

Shops:
D:1 (

Annotations:
D:1 Terence


Innate Abilities, Weirdness & Mutations

You have temporarily grown beastly horns and talons.
Your plain brown scales are hard. (AC +5)
You cannot fit into any form of body armour.
You are cold-blooded and may be slowed by cold attacks.


Message History

The ball python grabs you. The ball python constricts you.
* * * LOW HITPOINT WARNING * * *
There is a stone staircase leading up here.
You escape the ball python's grasp.
Terence says, "You're history."
Terence closely misses you. Terence misses you.
The ball python bites you but does no damage.
The ball python closely misses you.
You climb upwards.
There is a stone staircase leading down here.
The ball python barely misses you. The ball python completely misses you.
The ball python barely misses you. x2
The ball python barely misses you. x2
Terence screams, "I want your blood!"
There is a stone staircase leading down here.
The ball python bites you but does no damage.
The ball python grabs you.
You stop descending the stairs.
The ball python constricts you. The ball python closely misses you.
The ball python constricts you.
The ball python's grasp on you weakens, but your attempt to escape fails.
The ball python bites you.
* * * LOW HITPOINT WARNING * * *
The ball python constricts you.
* * * LOW HITPOINT WARNING * * *
You escape the ball python's grasp.
There is a stone staircase leading down here.
Terence says, "Did you write a will?
You should..."
Terence says, "How do you enjoy it?"
Casting: Beastly Appendage (safe; 9% risk of failure)
Confirm with . or Enter, or press ? or * to list all spells.
You grow a pair of large bovine horns.
Your feet morph into talons.
Terence hits you with a +2 short sword of speed.
* * * LOW HITPOINT WARNING * * *
Terence hits you with a +2 short sword of speed.
* * * LOW HITPOINT WARNING * * *
You hit Terence but do no damage. You headbutt Terence.
Your tail-slap misses Terence.
Terence is severely wounded.
Terence hits you with a +2 short sword of speed.
You die...

#............##...#####..##.#
#.######.....##...........#.####
##.########.#.###...............#
........# #.#.###.###........##.#
#...#...###.#.....# #.........#.#
#..###......#..#### #.......>.#.#
#...#...#####..# ####>.....#..#.#
#.#...#.#####..###.........#.##.#
#.##.##.##......@@S..........##.#
#.##.##....############....#.##.#
#.##.##..### ###..#.##.#
#.##.#..## ##...##.# #.##.#.##
##.....# #.##...# #...###
......## ##..# #.....# #..#
####..# #.##


You could see Terence and a ball python.

Vanquished Creatures
  2 gnolls (D:1)
  A dart slug (D:1)
  2 endoplasms
  4 giant cockroaches
  4 goblins
  2 hobgoblins (D:1)
  2 quokkas (D:1)
  2 ball pythons (D:1)
  2 bats (D:1)
  3 frilled lizards
  A kobold (D:1)
25 creatures vanquished.

Notes
Turn   | Place    | Note
-------+----------+-------------------------------------------
     0 | D:1      | vvl the Draconian Transmuter began the quest for the Orb.
     0 | D:1      | Reached XP level 1. HP: 16/16 MP: 3/3
   107 | D:1      | Found Ziuziun's Weapon Shoppe.
   154 | D:1      | Reached XP level 2. HP: 23/23 MP: 3/5
   497 | D:1      | Reached XP level 3. HP: 28/28 MP: 4/6
   632 | D:1      | Found a faded altar of an unknown god.
  1004 | D:2      | Noticed Terence
  1086 | D:1      | Slain by Terence

Illustrated notes

Levels and vault maps discovered:
D:1:      dpeg_arrival_stone_temple_mockup, layout_loops_ring, serial_shops,
          shop, dreamdust_ecumenical_altar_angels_and_demons,
          minmay_large_rounded_square
D:2:      layout_loops_ring, minmay_misc_feat_alley, fountainhead,
          minmay_tromino_v7, uniq_terence

Skill      XL: |  1  2 |
---------------+-------+-----
Dodging        | 2 |  2.0
Fighting       | |  1.6
Unarmed Combat | |  3.5
Spellcasting   | |  2.3
Transmutations | |  2.6

Action                   || total
-------------------------++-------
Melee: Unarmed           ||    68
       Kick              ||    14
       Headbutt          ||     9
       Tailslap          ||     7
       Punch             ||     1
 Cast: Beastly Appendage ||    20
  Use: Potion            ||     1
Armor: Skin              ||    18
Dodge: Dodged            ||    48
